 Dungeon Crawl Stone Soup version 0.31.0-11-ge490571c62 (webtiles) character file.

Game seed: 14501650969141301635

570 firemarshallily the Covert (level 7, 0/49 HPs)
             Began as an Octopode Brigand on Feb 7, 2024.
             Slain by an iguana (9 damage)
             ... on level 4 of the Dungeon.
             The game lasted 00:09:01 (2976 turns).

firemarshallily the Covert (Octopode Brigand)       Turns: 2976, Time: 00:09:01

Health: 0/49       AC:  1    Str: 11    XL:     7   Next: 34%
Magic:  0/7        EV: 12    Int: 13    God:
Gold:   164        SH:  0    Dex: 15    Spells: 6/6 levels left

rFire   . . .        a - +2 dagger
rCold   . . .        (no shield)
rNeg    + . .        (helmet restricted)
rPois   .            n - amulet of guardian spirit
rElec   .            m - ring of positive energy
rCorr   .            (no ring)
SInv    .            (no ring)
Will    .....        (no ring)
Stlth   +++++        (no ring)
HPRegen 0.28/turn    (no ring)
MPRegen 0.10/turn    (no ring)
                     (no ring)

%: guardian spirit
@: no status effects
A: almost no armour, amphibious, 8 rings, camouflage 1, gelatinous body 1,
(nimble swimmer 1), tentacles
a: no special abilities


You were on level 4 of the Dungeon.
You visited 1 branch of the dungeon, and saw 4 of its levels.

You collected 219 gold pieces.
You spent 55 gold pieces at shops.

Inventory:

Hand Weapons
 a - a +2 dagger (weapon)
Missiles
 c - 3 curare-tipped darts
 d - 15 poisoned darts (quivered)
Jewellery
 m - a ring of positive energy (left tentacle)
 n - an amulet of guardian spirit (around mantle)
 u - an amulet of the acrobat
Scrolls
 e - 3 scrolls of teleportation
 j - a scroll of revelation
 k - a scroll of immolation
 l - 4 scrolls of noise
 o - a scroll of blinking {unknown}
 q - a scroll of brand weapon {unknown}
 s - a scroll of enchant weapon {unknown}
 t - a scroll of enchant armour {unknown}
 v - a scroll of identify
Potions
 f - a potion of haste
 g - a potion of lignification {unknown}
 h - a potion of enlightenment {unknown}
 i - 2 potions of brilliance
 p - a potion of mutation {unknown}
 r - a potion of heal wounds {unknown}
 w - a potion of resistance {unknown}


   Skills:
 * Level 4.8 Fighting
 * Level 4.6 Short Blades
 - Level 2.0 Throwing
 - Level 1.0 Dodging
 * Level 8.2 Stealth


You had 6 spell levels left.
You didn't know any spells.
Your spell library contained the following spells:

 Spells                   Type           Power      Damage    Failure   Level
 Call Canine Familiar     Summ           0%         N/A       67%         3
 Sigil of Binding         Hex            0%         N/A       67%         3
 Dimensional Bullseye     Hex/Tloc       0%         N/A       97%         4


Dungeon Overview and Level Annotations

Branches:
Dungeon (4/15)
 Temple: D:4-7

Altars:
Nemelex Xobeh
Yredelemnul

Shops:
D:2 ?

Annotations:
D:3 3 runed translucent doors, Eli6969696's ghost, amateur DrFE


Innate Abilities, Weirdness & Mutations

You cannot wear most types of armour.
You are amphibious.
You can wear up to eight rings at the same time.
Your skin changes colour to match your surroundings (Stealth+).
Your rubbery body absorbs attacks. (AC +1, EV +1)
((You are camouflaged when in or above water. (Stealth+)))
You have tentacles for arms and can constrict up to eight enemies at once.


Message History

The orc wizard casts a spell at you.
You are confused.
The orc closely misses you.
You feel better.
You constrict the iguana. You constrict the orc wizard. You constrict the orc.
You kill the orc!
The iguana bites you!
* * * LOW HITPOINT WARNING * * *
The orc wizard misses you.
You hit the orc wizard.
The orc wizard is severely wounded.
You constrict the iguana.
You constrict the orc wizard, but do no damage.
You hit the orc wizard.
The orc wizard is almost dead.
You constrict the iguana, but do no damage.
You constrict the orc wizard. The iguana barely misses you.
The orc wizard casts a spell.
The orc wizard flickers and vanishes!
Deactivating autopickup; reactivate with Ctrl-A.
You hit the iguana but do no damage. You squeeze the iguana.
The iguana is severely wounded.
You constrict the iguana, but do no damage.
You constrict something.
Reactivating autopickup.
You feel a bit more experienced. The iguana completely misses you.
You barely miss the iguana.
The iguana is severely wounded.
You constrict the iguana, but do no damage.
The iguana bites you.
* * * LOW HITPOINT WARNING * * *
The hobgoblin hits you but does no damage.
Unknown command.
You hit the hobgoblin but do no damage. You grab the hobgoblin.
You constrict the iguana.
You constrict the hobgoblin, but do no damage.
You hit the hobgoblin.
You kill the hobgoblin!
You constrict the iguana. The iguana bites you!
You die...

############## ##.............
#### #...#.#.#...... ...#
#.#.......#... ##.#
....#.#.#... ##.#####
#.......# ##.....#
...#.#)#l#.# #..###.#
......)@$..#
#....#.#......####..#########.
#....#.########...............
..#.##...........######....##.
###.############..............
###.### #.#.# #######.##....
..#...###.#.# ##....# #
..#.#.....#.# ####..######
..#.....##..###............


You could see an iguana.

Vanquished Creatures
  Sigmund (D:3)
  2 scorpions (D:4)
  A hound (D:4)
  An orc priest (D:4)
  A scorpion zombie (D:3)
  2 orc wizards (D:4)
  3 gnolls (D:4)
  5 adders
  A ribbon worm (D:2)
  3 dart slugs
  6 orcs (D:4)
  11 ball pythons
  7 endoplasms
  4 giant cockroaches
  7 goblins
  10 hobgoblins
  A quokka (D:1)
  8 bats
  A frilled lizard (D:2)
  A jackal zombie (D:3)
  6 kobolds
  6 rats
88 creatures vanquished.

Notes
Turn   | Place    | Note
-------+----------+-------------------------------------------
     0 | D:1      | firemarshallily the Octopode Brigand began the quest for
                  | the Orb.
     0 | D:1      | Reached XP level 1. HP: 14/14 MP: 1/1
    55 | D:1      | Reached XP level 2. HP: 15/19 MP: 2/2
   448 | D:1      | Reached XP level 3. HP: 25/25 MP: 3/3
   535 | D:2      | Found a faded altar of an unknown god.
   560 | D:2      | Found Atas's Magic Scroll Shop.
   565 | D:2      | Bought a scroll of identify for 22 gold pieces
   565 | D:2      | Bought a scroll of teleportation for 33 gold pieces
   634 | D:2      | Reached skill level 6 in Stealth
  1292 | D:2      | Reached XP level 4. HP: 30/30 MP: 4/4
  1451 | D:3      | Found a runed translucent gate.
  1451 | D:3      | Found a runed translucent gate.
  1451 | D:3      | Found a runed translucent gate.
  1451 | D:3      | Noticed Eli6969696's ghost (amateur DrFE)
  1453 | D:3      | Found a basalt altar of Yredelemnul.
  1469 | D:3      | Reached XP level 5. HP: 30/36 MP: 2/5
  1754 | D:3      | Found a sparkling altar of Nemelex Xobeh.
  2031 | D:3      | Noticed Sigmund
  2109 | D:3      | Killed Sigmund
  2110 | D:3      | Reached skill level 7 in Stealth
  2110 | D:3      | Reached XP level 6. HP: 33/43 MP: 6/6
  2695 | D:4      | Reached XP level 7. HP: 33/49 MP: 4/7
  2736 | D:4      | Reached skill level 8 in Stealth
  2976 | D:4      | Slain by an iguana

Illustrated notes

Levels and vault maps discovered:
D:1:      heliophobic_arrival_battle_scene, layout_rooms
D:2:      layout_loops_cross, serial_shops, nicolae_shop_rolling_square,
          hellmonk_ecumenical_altar_blasted, grunt_ministairs_1,
          kennysheep_decorative_pillar, kennysheep_generic_room_13
D:3:      layout_loops_ring, nicolae_yredelemnul_ghost_church,
          nemelex_spade_bored_becter, uniq_sigmund
D:4:      layout_rooms, minmay_temple_entry_sparse_star,
          serial_co_window_serial, co_window_paths_a, co_window_corner_a,
          co_window_of_opportunity_a, co_window_corner_a, co_window_paths_a,
          co_window_paths_c, co_window_of_opportunity_b,
          co_window_unsneaky_path_c, co_window_cross_3, co_window_2corner,
          co_window_broadway_a, co_window_broadway_a, glass_columns_b,
          glass_columns_b, glass_columns_a, glass_columns_a, glass_columns_a

Skill      XL: |  1  2  3  4  5  6  7 |
---------------+----------------------+-----
Stealth        | 6 7 8 |  8.2
Fighting       | 3 4 |  4.8
Short Blades   | 3 4 |  4.6
Throwing       | |  2.0
Dodging        | |  1.0

Action                     |  1- 3 |  4- 6 |  7- 9 || total
---------------------------+-------+-------+-------++-------
  Melee: Dagger            |    55 |    95 |    32 ||   182
         Constrict         |    15 |    18 |    11 ||    44
         Tentacles         |    14 |    16 |    12 ||    42
         Punch             |     1 |     1 |     3 ||     5
  Throw: Dart              |    12 |     4 |       ||    16
    Use: Scroll            |     1 |     4 |       ||     5
         Potion            |       |       |     1 ||     1
   Stab: Sleeping          |    14 |     7 |       ||    21
         Distracted        |     1 |       |       ||     1
 Armour: Skin              |    16 |    28 |    20 ||    64
  Dodge: Dodged            |    24 |    48 |    17 ||    89
